Map: Ley Lines

Players

Takuan - Winner!

  • Race: Protoss Protoss
  • League: Master
  • Spawn Location: 1:00

kitune

  • Race: Zerg Zerg
  • Spawn Location: 7:00

VOD

Have the link to the VOD?

Description

Time

  • Played on: Aug. 9, 2025, 9:32 a.m.
  • Length: 6:34
Show
View Real Time Build Order
Export as new Build Order

Takuan Protoss - Winner!

Build Orders: 1 Gate Expand 

Get SALT Encoding   

  12  0:00  Probe  
  13  0:12  Probe  
  14  0:18  Pylon  
  14  0:24  Probe  
  15  0:35  Probe  
  15  0:38  Gateway  
  16  0:43  Probe  
  16  0:48  Assimilator  
  17  0:51  Probe  
  18  1:03  Probe  
  19  1:15  Probe  
  20  1:23  Nexus  
  20  1:34  Cybernetics Core  
  20  1:39  Probe  
  21  1:46  Assimilator  
  21  1:52  Probe  
  22  1:54  Pylon  
  22  2:03  Adept  
  22  2:04  Probe  
  25  2:16  Probe  
  26  2:24  Twilight Council  
  26  2:28  Probe  
  27  2:31  Warp Gate, Adept  
  27  2:33  Probe  
  30  2:40  Probe  
  30  2:41  Probe  
  32  2:52  Stargate, Probe  
  32  2:57  Probe  
  34  3:10  Probe x2  
  36  3:14  Gateway  
  38  3:20  Charge  
  38  3:22  Probe x2  
  38  3:35  Void Ray  
  38  3:36  Pylon  
  42  3:43  Probe  
  42  3:44  Probe  
  44  3:50  Nexus  
  44  3:53  Pylon  
  44  3:56  Probe  
  44  3:57  Probe  
  46  4:03  Oracle  
  46  4:11  Gateway  
  46  4:12  Gateway  
  49  4:19  Gateway  
  49  4:21  Probe  
  50  4:25  Pylon  
  50  4:29  Gateway  
  50  4:34  Pylon  
  50  4:47  Gateway  
  50  4:54  Gateway  
  50  4:55  Gateway  
  50  4:56  Probe x2, Gateway  
  52  5:05  Probe  
  53  5:08  Probe  
  54  5:20  Zealot, Pylon  
  54  5:21  Zealot x4  
  64  5:24  Pylon  
  64  5:27  Probe x3  
  67  5:30  Pylon  
  63  5:39  Zealot  
  63  5:42  Zealot x6  
  77  5:46  Probe x2  
  79  5:50  Zealot, Pylon  
  79  5:57  Zealot x2  
  83  6:02  Zealot x3  
  83  6:03  Zealot  
  93  6:06  Zealot  
  95  6:12  Zealot x3  
  99  6:20  Zealot x2  
  99  6:25  Zealot x4  
  109  6:30  Zealot  
Show
View Real Time Build Order
Export as new Build Order

kitune Zerg 

Build Orders: Hatch First 

Get SALT Encoding   

  12  0:00  Drone  
  13  0:12  Overlord  
  13  0:17  Drone  
  14  0:32  Drone  
  14  0:33  Drone  
  16  0:46  Hatchery  
  15  0:50  Drone  
  15  0:55  Drone  
  17  0:57  Drone  
  18  1:08  Extractor  
  17  1:14  Spawning Pool  
  17  1:16  Drone  
  17  1:19  Drone  
  18  1:33  Drone  
  18  1:39  Drone  
  20  1:51  Drone  
  21  1:59  Overlord  
  21  2:02  Queen  
  21  2:04  Queen  
  21  2:06  Zergling x2  
  26  2:11  Zergling x2  
  26  2:15  Drone  
  28  2:21  Metabolic Boost  
  28  2:23  Drone  
  28  2:25  Drone  
  30  2:38  Drone  
  30  2:40  Queen  
  33  2:46  Lair  
  33  2:53  Drone x2  
  33  2:55  Extractor  
  34  3:00  Zergling x4  
  34  3:03  Overlord  
  35  3:11  Zergling x2  
  35  3:14  Overlord  
  35  3:21  Drone x2  
  35  3:22  Drone x2  
  39  3:27  Overlord  
  39  3:32  Drone  
  39  3:33  Drone  
  41  3:44  Hydralisk Den  
  41  3:48  Drone x4  
  41  3:49  Drone  
  41  3:52  Drone  
  46  4:00  Extractor  
  46  4:01  Drone x2  
  47  4:05  Drone x3  
  47  4:07  Drone  
  51  4:13  Overlord  
  51  4:23  Spore Crawler  
  50  4:26  Grooved Spines, Hydralisk  
  50  4:29  Overlord  
  50  4:30  Overlord x2  
  52  4:33  Hydralisk  
  54  4:45  Hydralisk  
  54  4:46  Hydralisk  
  54  4:49  Hydralisk x2  
  62  4:53  Zergling x2  
  62  4:54  Zergling x2  
  64  5:17  Muscular Augments, Hydralisk x6  
  76  5:26  Zergling x4  
  77  5:38  Zergling x2  
  77  5:39  Zergling x10  
  83  5:48  Zergling x2  
  84  5:50  Overlord  
  84  5:51  Overlord x2  
Tags
 
Add a new tag
Caveats
  • Supply blocks, unpowered buildings, or Contaminate may cause inaccurate times.
  • Supply counts are checked every 10 seconds.